 Dungeon Crawl Stone Soup version 0.24-a0-441-g27f0392e16 (webtiles) character file.

Game seed: 361363622190872760

611378 Avack the Wrestler (level 26, -1/271 HPs)
             Began as a Troll Ice Elementalist on June 16, 2019.
             Was the Champion of Okawaru.
             Slain by a tentacled monstrosity (3 damage)
             ... on level 2 of the Realm of Zot on June 19, 2019.
             The game lasted 03:54:10 (63666 turns).

Avack the Wrestler (Troll Ice Elementalist)        Turns: 63666, Time: 03:54:11

Health: -1/271     AC: 17    Str: 23    XL:     26   Next: 25%
Magic:  6/39       EV: 11    Int: 15    God:    Okawaru [******]
Gold:   4983       SH: 34    Dex: 10    Spells: 12/31 levels left

rFire    + + .     SeeInvis .     - Unarmed
rCold    + + .     Gourm    +   C - +10 large shield of Ignorance {rN+ Int-4}
rNeg     + . .     Faith    .   A - +6 acid dragon scales
rPois    .         Spirit   .   H - +1 hat "Jycoc" {rElec}
rElec    +         Reflect  +   k - scarf {rC+ rF+}
rCorr    +         Harm     .   (gloves unavailable)
MR       +++..                  (boots unavailable)
Stlth    ..........             E - +4 amulet of reflection
HPRegen  0.95/turn              O - ring "Paruh" {*Slow MR+ MP+9 Slay+4 Stlth-}
MPRegen  0.26/turn              U - ring "Orowib" {rF+ rC+}

@: about to teleport, constricted
A: large, unfitting armour, antennae 1, claws 3, molten scales 1, blurry vision
1, deformed body, fast metabolism 3, gourmand, magic resistance 1, regeneration
1, robust 1, shaggy fur 1, tough skin 3
}: 4/15 runes: serpentine, barnacled, slimy, silver
a: Heroism, Finesse, Renounce Religion


You were on level 2 of the Realm of Zot.
You worshipped Okawaru.
Okawaru was exalted by your worship.
You were not hungry.

You visited 11 branches of the dungeon, and saw 52 of its levels.
You also visited: Gauntlet and Ice Cave.

You collected 6891 gold pieces.
You spent 1908 gold pieces at shops.

Inventory:

Missiles
 a - 17 silver javelins
 b - 148 large rocks (quivered)
 j - 24 curare-tipped darts
Armour
 k - a scarf of resistance (worn)
 y - the +0 hat of the Hidden Vale {rElec rF+++ rN+ MR-}
   (Okawaru gifted it to you on level 1 of the Elven Halls)

   It renders you almost immune to fire.
   It insulates you from electricity.
   It protects you from negative energy.
   It affects your resistance to hostile enchantments.
 A - +6 acid dragon scales (worn)
 C - the +10 large shield of Ignorance (worn) {rN+ Int-4}
   (You found it on level 8 of the Dungeon)

   It affects your intelligence (-4).
   It protects you from negative energy.
 H - the +1 hat "Jycoc" (worn) {rElec}
   (You acquired it on level 3 of the Elven Halls)

   It insulates you from electricity.
 L - the +2 cloak of Dithmenos's Delight {+Inv +Fly}
   (You found it in a Gauntlet)

   It lets you turn invisible.
   It lets you fly.
 W - a +3 large shield of reflection
Jewellery
 x - an uncursed ring of protection from magic
 E - a +4 amulet of reflection (around neck)
 O - the ring "Paruh" (left claw) {*Slow MR+ MP+9 Slay+4 Stlth-}
   (You found it in a Gauntlet)

   [ring of attention]

   It affects your accuracy and damage with ranged weapons and melee attacks
   (+4).
   It affects your resistance to hostile enchantments.
   It affects your magic capacity (+9).
   It may slow you when you take damage.
   It makes you less stealthy.
 R - the ring of Gowedus {Wiz Str+5 Int+2}
   (You took it off a deep elf demonologist on level 3 of the Elven Halls)

   [ring of wizardry]

   It improves your spell success rate.
   It affects your strength (+5).
   It affects your intelligence (+2).
 U - the ring "Orowib" (right claw) {rF+ rC+}
   (You found it on level 2 of the Lair of Beasts)

   [ring of protection from cold]

   It protects you from fire.
   It protects you from cold.
 Y - the ring of Juucic {rF+ rN+}
   (You found it on level 12 of the Dungeon)

   [ring of positive energy]

   It protects you from fire.
   It protects you from negative energy.
Wands
 e - a wand of scattershot (20)
 B - a wand of enslavement (29)
 G - a wand of acid (33)
 I - a wand of clouds (3)
 K - a wand of paralysis (16)
 S - a wand of iceblast (33)
 Z - a wand of digging (4)
Scrolls
 f - 8 scrolls of immolation
 l - 11 scrolls of amnesia
 o - 17 scrolls of teleportation
 v - 3 scrolls of blinking
 w - 32 scrolls of remove curse
 z - 8 scrolls of fog
 D - a scroll of summoning
 J - 2 scrolls of magic mapping
 M - 4 scrolls of holy word
 N - 5 scrolls of fear
 P - 9 scrolls of identify
 V - 2 scrolls of silence
Potions
 d - 7 potions of might
 g - 20 potions of curing
 h - 9 potions of mutation
 i - 3 potions of haste
 p - 4 potions of agility
 q - 6 potions of heal wounds
 r - 10 potions of brilliance
 t - 5 potions of cancellation
 u - a potion of magic
 T - 3 potions of resistance
Miscellaneous
 m - a sack of spiders
 n - a lightning rod (4/4)
 s - a lamp of fire
 F - 3 boxes of beasts
 Q - a fan of gales
 X - a phial of floods
Comestibles
 c - 75 rations


   Skills:
 + Level 11.7 Fighting
   Level 1.0 Maces & Flails
 - Level 17.5 Throwing
 - Level 5.0 Armour
 - Level 11.4 Dodging
 - Level 1.0 Stealth
 - Level 15.0 Shields
 + Level 22.1 Unarmed Combat
 - Level 3.0 Spellcasting
   Level 0.6 Conjurations
 - Level 3.2 Summonings
 - Level 8.0 Translocations
 - Level 8.7 Transmutations
   Level 2.1 Ice Magic
 - Level 15.2 Earth Magic
 - Level 7.0 Invocations
 - Level 11.6 Evocations


You had 12 spell levels left.
You knew the following spells:

 Your Spells              Type           Power        Failure   Level  Hunger
a - Apportation           Tloc           ####..       1%          1    #......
b - Passage of Golubria   Tloc           N/A          9%          4    #####..
c - Statue Form           Tmut/Erth      #####....    26%         6    #######
d - Blink                 Tloc           N/A          1%          2    ##.....
e - Passwall              Tmut/Erth      #####...     1%          2    ##.....
f - Summon Butterflies    Summ           ##......     7%          1    #......
g - Portal Projectile     Hex/Tloc       ##....       14%         3    ###....

Your spell library contained the following spells:

 Spells                   Type           Power        Failure   Level  Hunger
 Sandblast                Erth           #####.       1%          1    #......
 Petrify                  Tmut/Erth      #####...     1%          4    #####..
 Lee's Rapid Deconstruct  Erth           #####.....   1%          5    ######.
 Gell's Gravitas          Tloc           ####......   2%          3    ###....
 Lesser Beckoning         Tloc           ####......   2%          3    ###....
 Teleport Other           Tloc           ####....     2%          3    ###....
 Summon Small Mammal      Summ           ##..         7%          1    #......
 Shroud of Golubria       Chrm/Tloc      ##....       7%          2    ##.....
 Freeze                   Ice            #...         10%         1    #......
 Call Imp                 Summ           ##......     10%         2    ##.....
 Leda's Liquefaction      Hex/Erth       ####......   11%         4    #####..
 Magic Dart               Conj           #...         19%         1    #......
 Call Canine Familiar     Summ           ##......     21%         3    ###....
 Shock                    Conj/Air       #...         22%         1    #......
 Sting                    Conj/Pois      #...         22%         1    #......
 Throw Frost              Conj/Ice       #.....       22%         2    ##.....
 Ignite Poison            Fire/Tmut/Pois ##......     22%         3    ###....
 Animate Skeleton         Necr           N/A          24%         1    #......
 Confusing Touch          Hex            #.....       24%         1    #......
 Infusion                 Chrm           #...         24%         1    #......
 Pain                     Necr           #...         24%         1    #......
 Ice Form                 Ice/Tmut       ###.....     26%         4    #####..
 Searing Ray              Conj           #.....       28%         2    ##.....
 Poisonous Vapours        Pois/Air       #.....       36%         2    ##.....
 Song of Slaying          Chrm           #.......     36%         2    ##.....
 Swiftness                Chrm/Air       #.......     36%         2    ##.....
 Summon Guardian Golem    Hex/Summ       #.......     36%         3    ###....
 Force Lance              Conj/Tloc      ###.....     38%         4    #####..
 Ozocubu's Armour         Chrm/Ice       #.......     43%         3    ###....
 Conjure Flame            Conj/Fire      #.......     54%         3    ###....
 Dazzling Spray           Conj/Hex       #.....       54%         3    ###....
 Static Discharge         Conj/Air       #.......     54%         3    ###....
 Mephitic Cloud           Conj/Pois/Air  #.......     56%         3    ###....
 Confuse                  Hex            #.......     58%         3    ###....
 Regeneration             Chrm/Necr      #.........   58%         3    ###....
 Spectral Weapon          Hex/Chrm       #.......     58%         3    ###....
 Vampiric Draining        Necr           #.........   58%         3    ###....
 Bolt of Magma            Conj/Fire/Erth ###.......   61%         5    ######.
 Summon Ice Beast         Ice/Summ       ##......     63%         4    #####..
 Irradiate                Conj/Tmut      ###.......   69%         5    ######.
 Yara's Violent Unravell  Hex/Tmut       ###.......   75%         5    ######.
 Summon Lightning Spire   Summ/Air       #.......     77%         4    #####..
 Throw Icicle             Conj/Ice       #.......     80%         4    #####..
 Dispersal                Tloc           ####......   80%         6    #######
 Iron Shot                Conj/Erth      ####......   82%         6    #######
 Iskenderun's Mystic Bla  Conj           #.......     88%         4    #####..
 Fulminant Prism          Conj/Hex       #.........   91%         4    #####..
 Airstrike                Air            #.........   94%         4    #####..
 Animate Dead             Necr           N/A          94%         4    #####..
 Cause Fear               Hex            #.........   94%         4    #####..
 Olgreb's Toxic Radiance  Pois           #.......     94%         4    #####..
 Summon Mana Viper        Hex/Summ       #.......     98%         5    ######.
 Bolt of Draining         Conj/Necr      #.........   99%         5    ######.
 Iskenderun's Battlesphe  Conj/Chrm      #.......     99%         5    ######.
 Lightning Bolt           Conj/Air       #.........   99%         5    ######.
 Metabolic Englaciation   Hex/Ice        #.........   99%         5    ######.
 Venom Bolt               Conj/Pois      #.........   99%         5    ######.
 Silence                  Hex/Air        #.........   100%        5    ######.
 Bolt of Cold             Conj/Ice       #.........   100%        6    #######
 Darkness                 Hex            #.........   100%        6    #######
 Death Channel            Necr           #.........   100%        6    #######
 Deflect Missiles         Chrm/Air       #.........   100%        6    #######
 Freezing Cloud           Conj/Ice/Air   #.........   100%        6    #######
 Invisibility             Hex            #.......     100%        6    #######
 Ozocubu's Refrigeration  Ice            #.........   100%        6    #######
 Simulacrum               Ice/Necr       #.........   100%        6    #######
 Ring of Flames           Chrm/Fire      #.........   100%        7    #######
 Summon Hydra             Summ           ##........   100%        7    #######
 Controlled Blink         Tloc           N/A          100%        8    #######
 Discord                  Hex            #.........   100%        8    #######
 Disjunction              Tloc           ####......   100%        8    #######
 Shatter                  Erth           #####.....   100%        9    #######


Dungeon Overview and Level Annotations

Branches:
Dungeon (15/15)            Temple (1/1) D:5            Lair (6/6) D:9
 Shoals (4/4) Lair:3        Snake (4/4) Lair:2        Slime (5/5) Lair:5
    Orc (2/2) D:12            Elf (3/3) Orc:2        Vaults (5/5) D:13
  Crypt (0/3) Vaults:2     Depths (5/5) D:15            Zot (1/5) Depths:5

Altars:
Ashenzari
Cheibriados
Dithmenos
Elyvilon
Fedhas
Gozag
Hepliaklqana
Kikubaaqudgha
Makhleb
Nemelex Xobeh
Okawaru
Qazlal
Ru
Sif Muna
Trog
Uskayaw
Vehumet
Wu Jian
Xom
Yredelemnul
Zin
The Shining One
Beogh
Lugonu

Shops:
D:7 *   D:8 (   D:11 *   D:12 :   Orc:1 *   Orc:2 [:(*   Elf:1 =!   Elf:2 *
Elf:3 ?   Shoals:1 *   Vaults:2 }   Depths:1 ?}%*   Depths:2 *

Portals:
Hell: Depths:1 Depths:2 Depths:3 Depths:4 Depths:5
Abyss: Depths:3 Depths:4 Depths:5
Pandemonium: Depths:3 Depths:4 Depths:5
Ziggurat: Depths:5
Trove: Vaults:4 (give horn of Geryon)

Annotations:
D:8 2 runed translucent doors, exclusion: 4 orange crystal statues, sking99's ghost, novice HOFi
D:9 3 runed translucent doors, exclusion: statue, hitsuchi's ghost, novice OpTm
Lair:4 exclusion: 3 oklob plants
Lair:6 exclusion: 2 oklob plants
Elf:1 3 runed translucent doors
Elf:2 5 runed translucent doors
Depths:3 exclusion: 3 oklob plants
Zot:1 2 transporters, PeterLawrence's ghost, veteran MiFi


Innate Abilities, Weirdness & Mutations

You are too large for most types of armour.
You have claws for hands.
Your metabolism is lightning-fast.
You like to eat raw meat.
Your natural rate of healing is unusually fast.
You are covered in fur. (AC +1)
You have extremely tough skin. (AC +3)
You have a pair of small antennae on your head.
You are partially covered in molten scales. (AC +2)
Scrolls take you a little longer to read.
Armour fits poorly on your strangely shaped body.
You are resistant to hostile enchantments. (MR+)
You are robust. (+10% HP)


Message History

The red draconian monk hits you!!
* * * LOW HITPOINT WARNING * * *
The red draconian monk closely misses you.
The red draconian monk tail-slaps you but does no damage.
The quicksilver dragon barely misses you.
You block the quicksilver dragon's attack.
You block the Killer Klown's attack.
The green draconian hits you with a +0 scimitar.
* * * LOW HITPOINT WARNING * * *
You block the green draconian's attack.
The yellow draconian rages.
The moth of wrath goads the black draconian on!
The black draconian goes berserk!
The moth of wrath bites you but does no damage.
The yellow draconian misses you.
The tentacled monstrosity tentacle-slaps you but does no damage.
The tentacled monstrosity tentacle-slaps you.
* * * LOW HITPOINT WARNING * * *
The tentacled monstrosity tentacle-slaps you.
You die...

.......q#d...#...(..##...#
.......$....#....##..#..?#
..[.).......##..#.###....#
............○°(.##...#...#
#....y......##.......#...#
#......{.#....○.....## ..#
........##..dzy.#...###..#
..#....>....qdd..#.......#
...#######.yd@yd##.......
.# #.qDpXz##.......
##...#..#......#
#..#.......⌠.##
+.....§.....##
#.#.....#..## ##.#.⌠#...##
.. #..#.>## .. $.. .##


You could see a Killer Klown, a tentacled monstrosity, a red draconian monk
(berserk), a black draconian (berserk), 2 draconians, a green draconian
(berserk), a white draconian (berserk), a curse toe, a death cob, a quicksilver
dragon, a red draconian scorcher and 3 moths of wrath.

Vanquished Creatures
  the Royal Jelly (Slime:5)
  An orb of fire (Zot:2)
  Mennas (Depths:4)
  A juggernaut (Depths:4)
  Frederick (Vaults:3)
  3 caustic shrikes (Depths:5)
  Margery (Vaults:5)
  Vashnia (Snake:4)
  A golden dragon (Zot:1)
  Jory (Vaults:3)
  A bone dragon (Depths:5)
  11 tentacled monstrosities
  2 liches
  4 titans (Vaults:5)
  2 deep elf master archers (Elf:3)
  2 deep elf blademasters (Elf:3)
  23 acid blobs
  A quicksilver dragon (Zot:1)
  Asterion (Vaults:3)
  A sphinx (Depths:2)
  A thorn hunter (Depths:3)
  3 death cobs
  Donald (Elf:1)
  5 storm dragons
  5 tengu reavers (Vaults:5)
  A daeva (Depths:5)
  11 nagarajas
  9 shadow dragons
  11 azure jellies
  2 draconian monks
  8 fire giants
  An iron dragon (Vaults:5)
  2 balrugs
  10 frost giants
  19 vault wardens
  A ghost moth (Zot:1)
  2 draconian knights (Zot:1)
  3 orc warlords
  A ghoul (Vaults:5)
  Aizul (Elf:1)
  6 deep elf sorcerers
  2 draconian stormcallers
  13 ironheart preservers
  6 deep elf elementalists
  3 spriggan defenders
  22 stone giants
  33 very ugly things
  2 entropy weavers
  2 large abominations (Vaults:5)
  8 green draconians
  2 vampire knights
  12 deep elf annihilators
  5 red draconians
  14 deep elf demonologists
  A minotaur (Gauntlet)
  A black draconian (Depths:5)
  2 yellow draconians (Zot:1)
  A spark wasp (Depths:4)
  4 purple draconians
  2 white draconians
  6 deep elf death magi
  4 merfolk javelineers
  20 ettins
  9 fire dragons
  12 merfolk impalers
  8 yaktaur captains
  6 death oozes (Slime:5)
  A ragged hierophant (Elf:1)
  Fannar (Orc:1)
  Josephine (D:11)
  14 ogre magi
  36 vault guards
  11 ice dragons
  14 naga warriors
  2 spriggan air magi
  2 rakshasas (Depths:2)
  12 great orbs of eyes
  11 hydras
  4 alligator snapping turtles
  5 merfolk avatars
  12 anacondas
  6 death yaks
  17 centaur warriors
  6 merfolk aquamancers
  12 dancing weapons
  7 deep troll shamans
  6 satyrs
  4 death knights
  7 tengu warriors
  17 deep troll earth magi
  50 two-headed ogres
  2 vampire magi (Depths:1)
  13 naga sharpshooters
  An orc high priest (Orc:2)
  6 shock serpents
  4 spriggan berserkers
  Sonja (D:12)
  Nergalle (Lair:3)
  15 deep elf knights
  A small abomination (Elf:3)
  6 skeletal warriors
  A fire crab (shapeshifter) (Vaults:2)
  5 iron trolls
  14 hell knights
  7 salamander mystics
  21 sea snakes
  3 glowing orange brains
  2 shadow wraiths (Vaults:5)
  36 deep trolls
  4 flayed ghosts
  2 sea snakes (shapeshifter)
  2 infernal demonspawn (Depths:5)
  17 deep elf archers
  5 unseen horrors
  8 naga ritualists
  A gelid demonspawn (Depths:3)
  20 orc knights
  4 wizards
  2 necromancers
  12 ironbrand convokers
  2 lindwurms
  5 orc sorcerers
  7 shining eyes
  5 cyclopes
  62 deep elf magi
  20 harpies
  A phantasmal warrior (Vaults:5)
  8 manticores
  8 mana vipers
  8 moths of wrath
  19 fauns
  46 ugly things
  15 salamanders
  A salamander (shapeshifter) (Vaults:2)
  4 wolf spiders
  2 centaur zombies
  2 moths of wrath (shapeshifter)
  4 elephants
  A rust devil (Depths:5)
  32 black mambas
  5 merfolk sirens
  An eye of devastation (Slime:1)
  A guardian serpent (shapeshifter) (D:15)
  9 guardian serpents
  18 naga magi
  9 vault sentinels
  7 water nymphs
  A spiny frog (shapeshifter) (D:15)
  2 centaur skeletons
  2 gargoyles (D:13)
  2 orange demons (Depths:3)
  Psyche (D:12)
  7 komodo dragons
  24 spiny frogs
  A torpor snail (Lair:2)
  2 rime drakes
  34 yaktaurs
  A rime drake (shapeshifter) (Depths:3)
  A komodo dragon (shapeshifter) (Vaults:2)
  10 freezing wraiths
  An efreet (D:13)
  A kobold demonologist (D:15)
  A troll (shapeshifter) (Vaults:5)
  3 tengu conjurers
  26 merfolk
  A meliai (shapeshifter) (Vaults:5)
  A queen bee (Gauntlet)
  6 trolls
  A jumping spider (Vaults:2)
  16 polar bears
  2 wind drakes (shapeshifter)
  2 tyrant leeches (Lair:6)
  6 wind drakes
  13 snapping turtles
  18 blink frogs
  2 saltlings (Elf:1)
  4 hornets
  A slime creature (shapeshifter) (Vaults:5)
  95 slime creatures
  A blink frog (shapeshifter) (D:15)
  3 dream sheep
  Sigmund (D:2)
  A hippogriff (shapeshifter) (Vaults:5)
  A meliai zombie (D:10)
  A redback (shapeshifter) (D:15)
  6 hippogriffs
  A ynoxinul (Depths:3)
  21 water elementals
  An air elemental (Elf:1)
  2 shadows
  6 redbacks
  A tarantella (shapeshifter) (Depths:5)
  3 wyverns
  6 wraiths
  12 humans
  30 yaks
  A yak (shapeshifter) (Depths:1)
  4 fire elementals
  6 golden eyes
  3 basilisks
  2 hungry ghosts
  A chaos spawn (Depths:5)
  A steam dragon (shapeshifter) (Vaults:5)
  A neqoxec (Depths:3)
  9 vampire mosquitoes
  Menkaure (D:5)
  17 wargs
  89 nagas
  A swamp worm (shapeshifter) (Vaults:2)
  3 acid dragons
  A soldier ant (shapeshifter) (Vaults:3)
  15 water moccasins
  Duvessa (D:6)
  11 porcupines
  2 floating eyes
  A swamp drake (D:12)
  11 ice beasts
  A black bear (shapeshifter) (D:15)
  2 black bears
  2 eyes of draining
  65 orc warriors
  2 sky beasts
  2 phantoms
  A necrophage (D:5)
  33 wolves
  31 ogres
  19 boggarts
  12 crocodiles
  27 centaurs
  A big kobold (D:11)
  26 bullfrogs
  2 wyvern zombies (D:8)
  A water moccasin zombie (D:11)
  An earth elemental (Elf:1)
  6 scorpions
  Dowan (D:6)
  4 killer bees (Gauntlet)
  10 wights
  5 electric eels
  A howler monkey (D:13)
  A vampire bat (D:4)
  2 bullfrog zombies
  8 crimson imps
  A human simulacrum (Vaults:3)
  5 quasits
  4 iron imps
  9 jellies
  6 hounds
  22 orc priests
  3 bullfrog skeletons
  4 iguanas
  Jessica (D:2)
  Terence (D:1)
  29 orc wizards
  14 worker ants
  A worker ant zombie (D:6)
  23 adders
  5 shadow imps
  4 white imps
  5 oozes (D:8)
  An ufetubus (Depths:5)
  2 adder zombies
  5 dart slugs
  3 fire bats (D:4)
  3 worms
  5 leopard geckos
  112 orcs
  2 spectral bats (D:4)
  3 bat skeletons (D:4)
  A bat zombie (D:4)
  11 giant cockroaches
  8 hobgoblins
  4 quokkas
  3 ball pythons
  A ball python skeleton (D:4)
  17 bats
  A bat simulacrum (D:4)
  9 frilled lizards
  9 goblins
  12 kobolds
  A quokka skeleton (D:5)
  10 rats
  A briar patch (Depths:3)
  2 crawling corpses
  A fire vortex (Depths:4)
  9 plants
2344 creatures vanquished.

Vanquished Creatures (collateral kills)
  A tengu reaver (Vaults:5)
  A vault warden (Vaults:5)
  A deep elf elementalist (Vaults:5)
  A deep elf high priest (Vaults:5)
  A hell knight (Vaults:5)
  A deep troll (Vaults:5)
  A merfolk (Shoals:4)
7 creatures vanquished.

Vanquished Creatures (others)
  A fire giant (Depths:2)
  A vault warden (Vaults:2)
  2 stone giants
  4 vault guards (Vaults:5)
  4 yaktaur captains
  4 centaur warriors
  An unseen horror (D:14)
  A deep troll (Vaults:5)
  A manticore (D:13)
  A deep elf mage (Elf:2)
  2 cyclopes
  An ugly thing (Depths:2)
  A moth of wrath (Zot:1)
  An eye of devastation (shapeshifter) (Vaults:5)
  16 yaktaurs
  A slime creature (Depths:2)
  A redback (shapeshifter) (Vaults:5)
  2 yaks (IceCv)
  A human (D:13)
  A wolf (IceCv)
  A boggart (Depths:1)
  9 centaurs
  A quasit (Depths:3)
  An orc wizard (Orc:2)
  A shadow imp (Depths:5)
  An orc (Vaults:1)
  18 fungi
  79 plants
158 creatures vanquished.

Grand Total: 2509 creatures vanquished

Notes
Turn   | Place    | Note
-------+----------+-------------------------------------------
     0 | D:1      | Avack the Troll Ice Elementalist began the quest for the
                  | Orb.
     0 | D:1      | Reached XP level 1. HP: 16/16 MP: 1/1
   336 | D:1      | Reached skill level 1 in Unarmed Combat
   339 | D:1      | Reached XP level 2. HP: 26/26 MP: 0/2
  1042 | D:2      | Noticed Sigmund
  1085 | D:2      | Noticed Terence
  1085 | D:2      | Noticed Jessica
  1103 | D:1      | Killed Terence
  1103 | D:1      | Reached skill level 1 in Fighting
  1103 | D:1      | Reached skill level 2 in Unarmed Combat
  1103 | D:1      | Reached XP level 3. HP: 32/33 MP: 3/3
  1302 | D:2      | Killed Jessica
  1302 | D:2      | Reached XP level 4. HP: 30/41 MP: 4/4
  1590 | D:2      | Reached skill level 3 in Unarmed Combat
  1860 | D:2      | Killed Sigmund
  1860 | D:2      | Reached skill level 4 in Unarmed Combat
  1860 | D:2      | Reached XP level 5. HP: 31/49 MP: 5/5
  1860 | D:2      | Reached XP level 6. HP: 36/57 MP: 6/6
  1866 | D:2      | Upgraded the game from 0.24-a0-434-gd57e52fea8 to
                  | 0.24-a0-439-g6dd8730de2
  3333 | D:3      | Reached skill level 5 in Unarmed Combat
  3471 | D:3      | Reached XP level 7. HP: 66/66 MP: 7/7
  4105 | D:4      | Found a shadowy altar of Dithmenos.
  4279 | D:4      | Found a shattered altar of Ashenzari.
  4279 | D:4      | Found a blossoming altar of Fedhas.
  4309 | D:4      | Found a snail-covered altar of Cheibriados.
  4369 | D:4      | Reached skill level 6 in Unarmed Combat
  4554 | D:5      | Entered Level 5 of the Dungeon
  4566 | D:4      | Reached XP level 8. HP: 64/76 MP: 8/8
  4774 | D:5      | Found a staircase to the Ecumenical Temple.
  4779 | Temple   | Entered the Ecumenical Temple
  5078 | D:5      | Reached skill level 7 in Unarmed Combat
  5389 | D:6      | Noticed Duvessa
  5390 | D:6      | Noticed Dowan
  5462 | D:6      | Noticed Menkaure
  5512 | D:5      | Killed Menkaure
  5512 | D:5      | Reached skill level 5 in Dodging
  5512 | D:5      | Reached skill level 8 in Unarmed Combat
  5878 | D:6      | Killed Dowan
  5927 | D:6      | Killed Duvessa
  5927 | D:6      | Reached XP level 9. HP: 85/85 MP: 9/9
  6176 | D:6      | Found a deep blue altar of Sif Muna.
  6306 | D:6      | Reached skill level 5 in Fighting
  6737 | D:7      | Reached skill level 9 in Unarmed Combat
  7104 | D:7      | Found Walaotew's Assorted Antiques.
  7307 | D:8      | Found the +10 large shield of Ignorance {rN+ Int-4}
  7320 | D:8      | Found a runed translucent door.
  7320 | D:8      | Noticed an orange crystal statue
  7375 | D:8      | Found a runed translucent door.
  7422 | D:8      | Noticed an orange crystal statue
  7422 | D:8      | Noticed an orange crystal statue
  7422 | D:8      | Noticed an orange crystal statue
  7638 | D:8      | Found Uculloex's Antique Weapon Shoppe.
  8066 | D:8      | Found a runed translucent door.
  8068 | D:8      | Noticed sking99's ghost (novice HOFi)
  8070 | D:8      | Identified the +0 spear "Cammafir" {pierce, rN+}
  8073 | D:8      | Noticed a polar bear
  8103 | D:8      | Reached skill level 10 in Unarmed Combat
  8186 | D:8      | Noticed a white ugly thing
  8200 | D:8      | Killed a white ugly thing
  8200 | D:8      | Reached XP level 10. HP: 59/98 MP: 10/10
  8627 | D:9      | Found a runed translucent gate.
  8627 | D:9      | Found a runed translucent gate.
  8629 | D:9      | Found a runed translucent gate.
  8649 | D:9      | Noticed hitsuchi's ghost (novice OpTm)
  8800 | D:9      | Found a staircase to the Lair.
  8855 | D:9      | Found an iron altar of Okawaru.
  8862 | D:9      | Became a worshipper of Warmaster Okawaru
  8869 | D:9      | Reached skill level 1 in Shields
  9012 | D:9      | Found a radiant altar of Vehumet.
  9141 | D:10     | Entered Level 10 of the Dungeon
  9167 | D:10     | Reached * piety under Okawaru
  9167 | D:10     | Reached skill level 1 in Throwing
  9259 | D:10     | Reached skill level 11 in Unarmed Combat
  9264 | D:10     | Reached ** piety under Okawaru
  9292 | D:10     | Noticed a two-headed ogre
  9315 | D:10     | Killed a two-headed ogre
  9599 | D:10     | Killed an unseen horror
  9599 | D:10     | Reached skill level 5 in Shields
  9599 | D:10     | Reached XP level 11. HP: 42/105 MP: 9/11
  9769 | D:10     | Reached *** piety under Okawaru
  9866 | D:10     | Noticed a two-headed ogre
  9877 | D:10     | Killed a two-headed ogre
  9877 | D:10     | Received a gift from Okawaru
  9877 | D:10     | Reached skill level 12 in Unarmed Combat
  9953 | D:10     | Paralysed by a hornet for 2 turns
 10291 | D:11     | Noticed Josephine
 10334 | D:11     | Killed Josephine
 10334 | D:11     | Reached **** piety under Okawaru
 10452 | D:11     | Found Jaire's Assorted Antiques.
 10615 | D:11     | Received a gift from Okawaru
 10930 | D:11     | Killed an unseen horror
 11068 | Lair:1   | Entered Level 1 of the Lair of Beasts
 11153 | Lair:1   | Reached ***** piety under Okawaru
 11262 | Lair:1   | Reached skill level 13 in Unarmed Combat
 11884 | Lair:2   | Found a gate leading to a gauntlet.
 11884 | Lair:2   | Noticed a death yak
 11993 | Gauntlet | Entered a Gauntlet
 11993 | Gauntlet | Found a transporter.
 12004 | Gauntlet | Found a transporter.
 12006 | Gauntlet | Noticed a wizard
 12019 | Gauntlet | Found a transporter.
 12024 | Gauntlet | Found a transporter.
 12038 | Gauntlet | Noticed a dire elephant
 12043 | Gauntlet | Found a transporter.
 12056 | Gauntlet | Noticed a reaper
 12059 | Gauntlet | Found a transporter.
 12071 | Gauntlet | Found a transporter.
 12077 | Gauntlet | Found a transporter.
 12084 | Gauntlet | Noticed a death ooze
 12092 | Gauntlet | Found a transporter.
 12092 | Gauntlet | Noticed an orange crystal statue
 12104 | Gauntlet | Found a transporter.
 12104 | Gauntlet | Noticed a fire crab
 12116 | Gauntlet | Found a transporter.
 12116 | Gauntlet | Noticed a death yak
 12116 | Gauntlet | Noticed a death yak
 12116 | Gauntlet | Noticed a necromancer
 12117 | Gauntlet | Noticed a death yak
 12117 | Gauntlet | Noticed a death yak
 12118 | Gauntlet | Noticed a death yak
 12118 | Gauntlet | Noticed a death yak
 12129 | Gauntlet | Found a transporter.
 12131 | Gauntlet | Found a transporter.
 12179 | Gauntlet | Found a transporter.
 12204 | Gauntlet | Found a transporter.
 12206 | Gauntlet | Found a transporter.
 12226 | Gauntlet | Found a transporter.
 12257 | Gauntlet | Found a transporter.
 12388 | Gauntlet | Reached XP level 12. HP: 91/113 MP: 9/12
 12485 | Gauntlet | Got a brightly glowing silver ring
 12487 | Gauntlet | Identified the ring "Paruh" {*Slow MR+ MP+9 Slay+4 Stlth-}
                  | (You found it in a Gauntlet)
 12554 | Gauntlet | Killed a death yak
 12560 | Gauntlet | Killed a death yak
 12560 | Gauntlet | Received a gift from Okawaru
 12574 | Gauntlet | Got a jewelled cloak
 12624 | Gauntlet | Identified the +2 cloak of Dithmenos's Delight {+Inv +Fly}
                  | (You found it in a Gauntlet)
 12691 | Gauntlet | Identified the ring of Dyibenk {rElec rN+ Dex+4}
 12691 | Gauntlet | Noticed a minotaur
 12701 | Gauntlet | Killed a minotaur
 12715 | Gauntlet | Got a crude bronze ring
 12718 | Gauntlet | Identified the cursed ring of Wishful Thinking {+Inv rPois
                  | Int+7 Slay-2} (You found it in a Gauntlet)
 12835 | Lair:2   | Killed a death yak
 12835 | Lair:2   | Reached skill level 14 in Unarmed Combat
 13007 | Lair:2   | Reached skill level 1 in Invocations
 13016 | Lair:2   | Found a staircase to the Snake Pit.
 13151 | Lair:2   | Got a translucent ivory ring
 13153 | Lair:2   | Identified the ring "Orowib" {rF+ rC+} (You found it on
                  | level 2 of the Lair of Beasts)
 13440 | Lair:3   | Noticed Nergalle
 13448 | Lair:3   | Killed Nergalle
 13579 | Lair:3   | Reached ****** piety under Okawaru
 13808 | Lair:3   | Received a gift from Okawaru
 13808 | Lair:3   | Reached skill level 5 in Invocations
 14002 | Lair:3   | Found a staircase to the Shoals.
 14322 | Lair:4   | Found a frozen archway.
 14359 | IceCv    | Entered an ice cave
 14396 | IceCv    | Reached XP level 13. HP: 66/120 MP: 16/16
 14636 | IceCv    | Received a gift from Okawaru
 14994 | IceCv    | Noticed a frost giant
 15000 | IceCv    | Reached skill level 1 in Maces & Flails
 15015 | IceCv    | Killed a frost giant
 15015 | IceCv    | Reached skill level 1 in Evocations
 15031 | IceCv    | Reached skill level 15 in Unarmed Combat
 15974 | Lair:5   | Received a gift from Okawaru
 16872 | Lair:5   | Found a staircase to the Slime Pits.
 17228 | Lair:5   | Reached skill level 5 in Evocations
 17349 | Lair:5   | Received a gift from Okawaru
 17634 | Lair:6   | Entered Level 6 of the Lair of Beasts
 18061 | Lair:5   | Reached XP level 14. HP: 114/128 MP: 18/18
 18965 | Lair:6   | Received a gift from Okawaru
 18968 | Lair:6   | Got a creamy pearl robe {god gift}
 19027 | Lair:6   | Identified the +1 robe of Life {rPois Str+4 Int+2} (Okawaru
                  | gifted it to you on level 6 of the Lair of Beasts)
 19315 | Lair:6   | Reached skill level 5 in Throwing
 19476 | Lair:6   | Reached skill level 16 in Unarmed Combat
 20661 | D:12     | Noticed Sonja
 20707 | D:12     | Killed Sonja
 20954 | D:12     | Noticed Psyche
 20960 | D:12     | Killed Psyche
 21082 | D:12     | Got a clouded platinum ring
 21084 | D:12     | Identified the ring of Juucic {rF+ rN+} (You found it on
                  | level 12 of the Dungeon)
 21363 | D:12     | Found a staircase to the Orcish Mines.
 21499 | D:12     | Found Neumogh's Book Emporium.
 21616 | Orc:1    | Entered Level 1 of the Orcish Mines
 21717 | Orc:1    | Found Raepoek's General Store.
 21720 | Orc:1    | Noticed Fannar
 21734 | Orc:1    | Noticed an orc warlord
 21740 | Orc:1    | Killed Fannar
 21750 | Orc:1    | Killed an orc warlord
 22010 | Orc:2    | Entered Level 2 of the Orcish Mines
 22065 | Orc:2    | Noticed an orc warlord
 22096 | Orc:2    | Killed an orc warlord
 22507 | Orc:2    | Noticed an orc warlord
 22546 | Orc:2    | Killed an orc warlord
 22546 | Orc:2    | Received a gift from Okawaru
 22688 | Orc:2    | Found a roughly hewn altar of Beogh.
 22691 | Orc:2    | Reached XP level 15. HP: 125/136 MP: 19/19
 22712 | Orc:2    | Found Qosohei's Book Boutique.
 22746 | Orc:2    | Found Toamic's Antique Armour Boutique.
 22752 | Orc:2    | Found Egyfed's Antique Weapon Boutique.
 22897 | Orc:2    | Received a gift from Okawaru
 22955 | Orc:2    | Found a staircase to the Elven Halls.
 23138 | Orc:2    | Found Zexor's General Store.
 23299 | Elf:1    | Entered Level 1 of the Elven Halls
 23578 | Snake:1  | Entered Level 1 of the Snake Pit
 24444 | Snake:2  | Received a gift from Okawaru
 25234 | Snake:2  | Noticed a nagaraja
 25244 | Snake:2  | Killed a nagaraja
 25333 | Snake:2  | Reached skill level 10 in Shields
 26032 | Snake:2  | Received a gift from Okawaru
 26035 | Snake:2  | Got an iridescent morningstar {god gift}
 26036 | Snake:2  | Identified the +7 morningstar of Distraction {freeze,
                  | *Noise +Blink +Fly rPois} (Okawaru gifted it to you on
                  | level 2 of the Snake Pit)
 26068 | Snake:3  | Noticed a nagaraja
 26079 | Snake:3  | Killed a nagaraja
 26080 | Snake:3  | Reached XP level 16. HP: 150/152 MP: 20/20
 27199 | Shoals:1 | Entered Level 1 of the Shoals
 27371 | Shoals:1 | Identified a scroll of acquirement
 27429 | Shoals:1 | Found Wutzos's Whimsical Warehouse.
 27928 | Shoals:2 | Received a gift from Okawaru
 28393 | Shoals:2 | Received a gift from Okawaru
 29145 | Shoals:3 | Received a gift from Okawaru
 29232 | Shoals:4 | Entered Level 4 of the Shoals
 29546 | Shoals:4 | Reached XP level 17. HP: 67/161 MP: 21/21
 29905 | Shoals:4 | Received a gift from Okawaru
 30529 | Shoals:3 | Received a gift from Okawaru
 31528 | Shoals:4 | Got a barnacled rune of Zot
 31764 | Snake:4  | Entered Level 4 of the Snake Pit
 31974 | Snake:4  | Noticed Vashnia
 32073 | Snake:4  | Reached skill level 15 in Shields
 32249 | Snake:4  | Reached skill level 10 in Throwing
 32427 | Snake:4  | Received a gift from Okawaru
 32501 | Snake:4  | Killed Vashnia
 32904 | Snake:4  | Reached XP level 18. HP: 136/170 MP: 22/22
 33217 | Snake:3  | Upgraded the game from 0.24-a0-439-g6dd8730de2 to
                  | 0.24-a0-441-g27f0392e16
 33882 | Snake:3  | Received a gift from Okawaru
 34090 | Snake:4  | Received a gift from Okawaru
 34334 | Snake:4  | Identified the +5 flail "Juer" {crush, Str+5} (Okawaru
                  | gifted it to you on level 4 of the Snake Pit)
 34699 | Snake:4  | Got a serpentine rune of Zot
 35140 | Elf:1    | Found Wobluifeo's Distillery.
 35155 | Elf:1    | Noticed Donald
 35185 | Elf:1    | Killed Donald
 35192 | Elf:1    | Received a gift from Okawaru
 35211 | Elf:1    | Got a bloodstained hat {god gift}
 35222 | Elf:1    | Identified the +0 hat of the Hidden Vale {rElec rF+++ rN+
                  | MR-} (Okawaru gifted it to you on level 1 of the Elven
                  | Halls)
 35855 | Elf:1    | Found Xalextum's Jewellery Shop.
 35906 | Elf:1    | Found a runed translucent gate.
 35906 | Elf:1    | Found a runed translucent gate.
 35906 | Elf:1    | Found a runed translucent gate.
 35907 | Elf:1    | Noticed a tentacled monstrosity
 35908 | Elf:1    | Noticed a tentacled monstrosity
 35913 | Elf:1    | Noticed a tentacled monstrosity
 36186 | Elf:1    | Reached skill level 15 in Throwing
 36345 | Elf:1    | Identified Oteugen's Compendium of Attacks
 36367 | Elf:1    | Noticed Aizul
 36381 | Elf:1    | Killed Aizul
 36637 | Elf:2    | Reached XP level 19. HP: 162/176 MP: 23/23
 36905 | Elf:2    | Found Yxoer's Assorted Antiques.
 36917 | Elf:2    | Bought a wand of enslavement (11) for 66 gold pieces
 36917 | Elf:2    | Bought a wand of enslavement (13) for 66 gold pieces
 37123 | Elf:2    | Received a gift from Okawaru
 37135 | Elf:2    | Found a huge runed translucent gate.
 37135 | Elf:2    | Found a huge runed translucent gate.
 37136 | Elf:2    | Found a huge runed translucent gate.
 37137 | Elf:2    | Found a huge runed translucent gate.
 37143 | Elf:2    | Found a huge runed translucent gate.
 37234 | Elf:3    | Entered Level 3 of the Elven Halls
 37350 | Elf:3    | Got a heavily runed hat
 37361 | Elf:3    | Identified the +1 hat "Jycoc" {rElec} (You acquired it on
                  | level 3 of the Elven Halls)
 37692 | Elf:3    | Received a gift from Okawaru
 37986 | Elf:3    | Found Roon Lai's Magic Scroll Shop.
 38197 | Elf:3    | Received a gift from Okawaru
 38414 | Elf:3    | Received a gift from Okawaru
 38504 | Elf:3    | Identified the +7 battleaxe of Yredelemnul's Esteem
                  | {antimagic, +Blink}
 38504 | Elf:3    | Identified the ring of Gowedus {Wiz Str+5 Int+2}
 38510 | Elf:3    | Received a gift from Okawaru
 38611 | Elf:3    | Received a gift from Okawaru
 38848 | Elf:3    | Identified the +4 rapier of Mastery {pierce, +Inv rPois
                  | rF-}
 38960 | Elf:3    | Identified the Collected Works on Unholy Arts
 38973 | Elf:3    | Identified Laqerch's Volume of Ignition and Companions
 38985 | Elf:3    | Identified the +0 fustibalus of Joyful Slaughter {freeze,
                  | SInv} (You found it on level 3 of the Elven Halls)
 40119 | D:13     | Reached skill level 10 in Evocations
 40174 | D:13     | Found an iron altar of Okawaru.
 40475 | D:13     | Found a gate to the Vaults.
 40482 | D:13     | Identified the cursed +0 broad axe "Xiwouth" {vamp, rElec
                  | MR- MP+9} (You found it on level 13 of the Dungeon)
 40555 | D:13     | Found the +7 lajatang of Order {silver, rMut}
 41088 | D:14     | Reached XP level 20. HP: 185/185 MP: 26/26
 41305 | D:15     | Entered Level 15 of the Dungeon
 41939 | D:15     | Received a gift from Okawaru
 41953 | D:15     | Found a staircase to the Depths.
 42079 | Vaults:1 | Entered Level 1 of the Vaults
 42227 | Vaults:1 | Received a gift from Okawaru
 42228 | Vaults:1 | Identified the +1 troll leather armour of Space {Regen+
                  | Dex+7} (Okawaru gifted it to you on level 1 of the Vaults)
 42506 | Vaults:1 | Reached skill level 1 in Armour
 42523 | Vaults:1 | Found an iron altar of Okawaru.
 42700 | Vaults:1 | Reached skill level 17 in Unarmed Combat
 43788 | Vaults:2 | Found Atesups's Gadget Boutique.
 43904 | Vaults:2 | Reached skill level 18 in Unarmed Combat
 44030 | Vaults:2 | Found a staircase to the Crypt.
 44030 | Vaults:2 | Found a basalt altar of Yredelemnul.
 44031 | Vaults:2 | Found an ancient bone altar of Kikubaaqudgha.
 44091 | Vaults:2 | Received a gift from Okawaru
 44276 | Vaults:2 | Received a gift from Okawaru
 44409 | Vaults:2 | Received a gift from Okawaru
 44428 | Vaults:2 | Reached XP level 21. HP: 182/195 MP: 28/28
 44765 | Vaults:2 | Reached skill level 19 in Unarmed Combat
 45065 | Vaults:2 | Received a gift from Okawaru
 45091 | Vaults:2 | Received a gift from Okawaru
 45571 | Vaults:3 | Noticed Asterion
 45588 | Vaults:3 | Killed Asterion
 45588 | Vaults:3 | Reached skill level 10 in Dodging
 45723 | Vaults:3 | Reached skill level 10 in Fighting
 45848 | Vaults:3 | Learned a level 1 spell: Apportation
 45853 | Vaults:3 | Learned a level 4 spell: Passage of Golubria
 45860 | Vaults:3 | Learned a level 6 spell: Statue Form
 45863 | Vaults:3 | Learned a level 2 spell: Blink
 45866 | Vaults:3 | Learned a level 2 spell: Passwall
 45868 | Vaults:3 | Learned a level 1 spell: Summon Butterflies
 45987 | Vaults:3 | Reached skill level 1 in Summonings
 45987 | Vaults:3 | Reached skill level 1 in Translocations
 46173 | Vaults:3 | Noticed Jory
 46189 | Vaults:3 | Killed Jory
 46388 | Vaults:3 | Received a gift from Okawaru
 46694 | Vaults:3 | Found a radiant altar of Vehumet.
 46701 | Vaults:3 | Noticed Frederick
 46712 | Vaults:3 | Killed Frederick
 46868 | Vaults:3 | Received a gift from Okawaru
 47172 | Vaults:4 | Found a portal to a secret trove of treasure.
 47467 | Vaults:4 | Reached skill level 5 in Translocations
 47659 | Vaults:4 | Reached XP level 22. HP: 156/208 MP: 29/29
 48003 | Vaults:4 | Received a gift from Okawaru
 48622 | Depths:1 | Entered Level 1 of the Depths
 48777 | Depths:1 | Found Lixzagg's Assorted Antiques.
 48777 | Depths:1 | Found Ronecs Ciqy's Magic Scroll Boutique.
 48778 | Depths:1 | Found Icined Eghyp's Food Shop.
 48780 | Depths:1 | Found Souch's Gadget Boutique.
 48792 | Depths:1 | Received a gift from Okawaru
 48880 | Depths:1 | Bought a scroll of blinking for 150 gold pieces
 48880 | Depths:1 | Bought a scroll of enchant armour for 150 gold pieces
 48880 | Depths:1 | Bought a scroll of enchant armour for 150 gold pieces
 48898 | Depths:1 | Bought an amulet of reflection for 66 gold pieces
 49360 | Depths:1 | Found a gateway to Hell.
 49871 | Depths:2 | Received a gift from Okawaru
 49916 | Depths:2 | Reached skill level 5 in Armour
 50265 | Depths:2 | Identified Sif Muna's Papyrus of Stones
 50418 | Depths:2 | Received a gift from Okawaru
 50643 | Depths:2 | Reached skill level 20 in Unarmed Combat
 50935 | Depths:2 | Found Loatsian's General Store.
 51669 | Depths:3 | Reached XP level 23. HP: 188/214 MP: 30/30
 51744 | Depths:3 | Gained mutation: Scrolls take you a little longer to read.
                  | [a neqoxec]
 51753 | Depths:3 | Found a one-way gate leading to the halls of Pandemonium.
 51863 | Depths:3 | Received a gift from Okawaru
 51878 | Depths:3 | Identified the +1 cloak of the Scribe {rF- rN++ Dex+4}
                  | (Okawaru gifted it to you on level 3 of the Depths)
 52233 | Depths:3 | Reached skill level 21 in Unarmed Combat
 52347 | Depths:3 | Found a one-way gate to the infinite horrors of the Abyss.
 52865 | Depths:4 | Paralysed by a floating eye for 2 turns
 52874 | Depths:4 | Paralysed by a floating eye for 3 turns
 52945 | Depths:4 | Noticed a juggernaut
 52955 | Depths:4 | Killed a juggernaut
 53334 | Vaults:5 | Entered Level 5 of the Vaults
 53341 | Vaults:5 | Noticed Margery
 53378 | Vaults:5 | Killed Margery
 53389 | Vaults:5 | Received a gift from Okawaru
 53477 | Vaults:5 | Identified the +6 hand axe "Pitsof" {holy, rPois}
 53735 | Vaults:5 | Received a gift from Okawaru
 53737 | Vaults:5 | Reached skill level 1 in Earth Magic
 53740 | Vaults:5 | Reached skill level 1 in Transmutations
 53934 | Vaults:5 | Identified the +3 mace "Igrimopo" {flame, *Contam rElec
                  | rC+}
 54161 | Vaults:5 | Reached XP level 24. HP: 223/223 MP: 30/30
 54399 | Vaults:5 | Reached skill level 5 in Earth Magic
 54765 | Vaults:5 | Reached skill level 5 in Transmutations
 55034 | Vaults:5 | Identified the +4 chain mail of Crawling {rElec Stlth+}
 55064 | Vaults:5 | Received a gift from Okawaru
 55125 | Vaults:5 | Received a gift from Okawaru
 55401 | Vaults:5 | Identified the ring of Keizihya {rF+ Int+3}
 55909 | Vaults:5 | Got a silver rune of Zot
 56385 | Shoals:1 | Bought a book of the Warp for 1260 gold pieces
 56391 | Shoals:1 | Learned a level 3 spell: Portal Projectile
 56506 | Slime:1  | Entered Level 1 of the Pits of Slime
 56695 | Slime:1  | Gained mutation: Your spells are a little easier to cast,
                  | but a little less powerful. [a shining eye]
 56697 | Slime:1  | Gained mutation: You are agile. (Dex +2) [a shining eye]
 56927 | Slime:1  | Gained mutation: Scrolls take you longer to read. [a
                  | shining eye]
 56930 | Slime:1  | Lost mutation: Scrolls take you longer to read. [potion of
                  | mutation]
 56930 | Slime:1  | Lost mutation: Your spells are a little easier to cast, but
                  | a little less powerful. [potion of mutation]
 56930 | Slime:1  | Lost mutation: You are agile. (Dex +2) [potion of mutation]
 56930 | Slime:1  | Lost mutation: Scrolls take you a little longer to read.
                  | [potion of mutation]
 56930 | Slime:1  | Gained mutation: Scrolls take you a little longer to read.
                  | [potion of mutation]
 56930 | Slime:1  | Gained mutation: You are partially covered in molten
                  | scales. (AC +2) [potion of mutation]
 56930 | Slime:1  | Gained mutation: You are resistant to hostile enchantments.
                  | (MR+) [potion of mutation]
 56930 | Slime:1  | Gained mutation: You are robust. (+10% HP) [potion of
                  | mutation]
 57020 | Slime:1  | Reached skill level 10 in Earth Magic
 57056 | Slime:1  | Gained mutation: You have a pair of small antennae on your
                  | head. [a shining eye]
 57716 | Slime:5  | Entered Level 5 of the Pits of Slime
 57962 | Slime:5  | Noticed the Royal Jelly
 57981 | Slime:5  | Killed the Royal Jelly
 57981 | Slime:5  | Received a gift from Okawaru
 57981 | Slime:5  | Reached XP level 25. HP: 164/253 MP: 30/30
 58305 | Slime:5  | Received a gift from Okawaru
 58421 | Slime:5  | Identified the ring "Jilua" {Wiz rPois Str+2} (You found it
                  | on level 5 of the Pits of Slime)
 58479 | Slime:5  | Got a slimy rune of Zot
 59369 | Depths:4 | Noticed Mennas
 59421 | Depths:4 | Killed Mennas
 60028 | Depths:5 | Entered Level 5 of the Depths
 60134 | Depths:5 | Received a gift from Okawaru
 60307 | Depths:5 | Found a gateway to a ziggurat.
 60608 | Depths:5 | Received a gift from Okawaru
 60617 | Depths:5 | Identified the +1 robe "Mabuimis" {rC- MR++ rCorr} (Okawaru
                  | gifted it to you on level 5 of the Depths)
 60789 | Depths:5 | Found a corrupted altar of Lugonu.
 61039 | Depths:5 | Reached skill level 15 in Earth Magic
 61286 | Depths:5 | Found a gate to the Realm of Zot.
 61591 | Zot:1    | Entered Level 1 of the Realm of Zot
 62000 | Zot:1    | Reached XP level 26. HP: 113/267 MP: 30/30
 63147 | Zot:1    | Received a gift from Okawaru
 63189 | Zot:1    | Reached skill level 22 in Unarmed Combat
 63605 | Zot:1    | Noticed PeterLawrence's ghost (veteran MiFi)
 63607 | Zot:1    | Found a transporter.
 63617 | Zot:1    | Found a transporter.
 63619 | Zot:1    | You fall into a shaft and drop 1 floor!
 63620 | Zot:2    | Noticed an orb of fire
 63635 | Zot:2    | Gained mutation: Armour fits poorly on your strangely
                  | shaped body. [an orb of fire]
 63645 | Zot:2    | Killed an orb of fire
 63664 | Zot:2    | HP: 11/271 [red draconian monk (7)]
 63666 | Zot:2    | HP: 2/271 [tentacled monstrosity (5)]
 63666 | Zot:2    | Slain by a tentacled monstrosity

Levels and vault maps discovered:
D:1:      dpeg_arrival_shrine, layout_loops_corners, minmay_split_cup_large
D:2:      minmay_razor_zed, layout_basic, minmay_tripent, uniq_sigmund,
          uniq_jessica, uniq_terence
D:3:      layout_basic, serial_bayou_lake_a
D:4:      layout_cave_pools, old_standard_altar, kennysheep_mini_moat,
          gammafunk_temple_overflow_wave, first_ration, grunt_ministairs_5,
          goddamned_bats
D:5:      layout_basic, temple_doors_cd
D:6:      layout_gridville, led_sif_book, uniq_duvessa, uniq_menkaure
D:7:      layout_basic, serial_shops, shop, minivault_19
D:8:      layout_basic, ebering_ghost_funeral_grove, serial_shops, shop,
          hangedman_little_slice_of_home, chequers_guarded_unrand_ignorance
D:9:      layout_cave_pools, vehumet_statue, okawaru_humans, lair_entry_dummy,
          gammafunk_ghost_necromancy
D:10:     layout_loops_ring
D:11:     layout_stronghold, serial_shops, nicolae_shop_stone, uniq_josephine
D:12:     minmay_weird_star, layout_rooms, erik_orc_1, serial_shops, shop,
          uniq_psyche, uniq_sonja
D:13:     evilmike_iron_armoury, layout_loops_ring, ximxim_vaults_locker_room
D:14:     layout_irregular_city, hangedman_decor_push, minmay_misc_feat_alley
D:15:     gammafunk_enter_depths_forms, layout_cave_pools
Temple:   eino_temple_scatter_basement
Lair:1:   beast_lair_carwin_large_2, layout_regular_city, grunt_megastairs_5
Lair:2:   layout_regular_city, minmay_snake_entry_six_corridors,
          gauntlet_entry_generic
Lair:3:   layout_regular_city, elwin_shoals_entry_rocks, st_stairs_7,
          uniq_nergalle
Lair:4:   layout_concentric_octagons, portal_ice_cave_entry_ice_beasts,
          disabler_island
Lair:5:   layout_cave_pods, dpeg_slime_entry_corner, serial_bayou_shore_b,
          infiniplex_staircase_pool
Lair:6:   minmay_lair_end_frog_pond, layout_hall_layers, lemuel_fruit_fields,
          minmay_lair_oklob_chamber
Shoals:1: layout_shoals, nicolae_alphabet_shops
Shoals:2: layout_shoals, nicolae_shoals_isolated_beach
Shoals:3: layout_shoals
Shoals:4: shoals_end_grunt_garden, layout_shoals
Snake:1:  layout_misc_corridors
Snake:2:  layout_chambers, hangedman_snake_corridor_split
Snake:3:  layout_layer_cave
Snake:4:  johnstein_snake_rune_scales, layout_cave_town, serial_bayou_shore_a,
          grunt_megastairs_3, uniq_vashnia
Slime:1:  layout_caves
Slime:2:  layout_caves
Slime:3:  layout_caves
Slime:4:  layout_caves
Slime:5
Orc:1:    nicolae_orc_accident_3, layout_caves, serial_shops, shop, uniq_fannar
Orc:2:    grunt_orc_cross, layout_caves, mines5_lemuel
Elf:1:    minmay_elf_arrival_plus, layout_loops_corners,
          portal_desolation_entry_nicolae_nacl, serial_shops, shop, shop,
          ploomutoo_gammafunk_ghost_potion_laboratory, minmay_elf_annihilation,
          uniq_donald, uniq_aizul
Elf:2:    layout_loops_cross, serial_shops, shop, nicolae_elf_v_pinch,
          uniq_saint_roka
Elf:3:    grunt_elf_hall_asides, layout_geoelf_castle, serial_shops,
          nicolae_shop_window_shopping
Vaults:1: nicolae_vaults_what_the_h, vaults_dpeg_hooks, v_misc_17,
          hangedman_vaults_restitches, vaults_standard_mumra_enter_the_diamond,
          v_misc_5, v_misc_23, layout_vaults_quadrants, basic_altar
Vaults:2: nicolae_vaults_hallways_thing, nicolae_vaults_inception_scallops,
          nicolae_vaults_arrows, vaults_room_semicircle,
          minmay_crypt_entry_necro_gods, v_pattern_3, hangedman_vaults_slice,
          nicolae_vaults_holding_cells, ontoclasm_vaults_idyll,
          ontoclasm_vaults_chip, nicolae_vaults_three_branches,
          layout_vaults_omnibox, serial_shops, shop_statue
Vaults:3: hangedman_vaults_stretched_pinwheel, hangedman_vaults_restitches,
          v_alt_pattern_1, nicolae_vaults_asterisk, v_pattern_5, v_misc_10,
          nicolae_vaults_alarming, v_misc_9, grunt_vaults_twisty,
          ontoclasm_vaults_shout, vaults_room_pools,
          nicolae_vaults_specimen_jars, v_misc_19,
          ontoclasm_vaults_loading_screen, layout_vaults_maze_bifur,
          basic_altar, uniq_frederick, uniq_asterion, uniq_jory
Vaults:4: grunt_vaults_hallway_short, nicolae_vaults_little_squares_6,
          serial_ice_g, v_pattern_4, v_rooms_5, vaults_room_hallway,
          vaults_mumra_chevron_long, vaults_standard_mumra_x,
          vaults_room_grunt_arrival_checkpoint, layout_vaults_big_room,
          nicolae_trove_entry_crossroad
Vaults:5: uniq_margery
Depths:1: layout_gridlike, hell_entry, kennysheep_generic_room_13,
          serial_bayou_shore_b, minmay_shoptagon
Depths:2: minmay_the_grid_net [minmay_the_grid_minigrid_small,
          minmay_the_grid_medium_cups, minmay_the_grid_aliased_spiral,
          minmay_the_grid_pillar_ring, minmay_the_grid_empty,
          minmay_the_grid_prize_diamond_cup], layout_small_grid, serial_shops,
          nicolae_shop_trees, nicolae_two_hexagons, hell_entry,
          solitary_fountain, serial_bayou_shore_b, minmay_staircase_bubble
Depths:3: dpeg_oklob_gauntlet, layout_gridlike, abyss_entry_small_statue_room,
          grunt_pan_entry_spiral, chequers_serial_rivers_micro_a, hell_entry,
          hangedman_decor_opposing, grunt_decor_resistance,
          infiniplex_staircase_pool_2
Depths:4: minmay_inside_and_out, layout_cave_pools, abyss_entry_crystal,
          hell_entry, minmay_staircase_statues, grunt_pan_entry_zigzag,
          chequers_serial_rivers_micro_c, chequers_serial_rivers_large_a,
          uniq_mennas
Depths:5: grunt_zot_entry_gee_three, layout_twisted_cross, enter_ziggurat_d,
          grunt_pan_entry_sceptre, minmay_misc_feat_tower,
          abyss_entry_flame_altar, hell_entry
Zot:1:    layout_misc_corridors, gammafunk_ghost_mausoleum
Zot:2:    layout_onion_interference, grunt_ministairs_7

Skill      XL: |  1  2  3  4  5  6  7  8  9 10 11 12 13 14 15 16 17 18 19 20 21 22 23 24 25 26 |
---------------+-------------------------------------------------------------------------------+-----
Unarmed Combat | 1 2 4 5 6 8 10 11 13 14 15 16 18 19 20 21 22 | 22.1
Fighting       | 1 2 3 4 5 8 9 10 11 | 11.7
Dodging        | 2 3 4 5 6 8 9 10 11 | 11.4
Shields        | 5 7 8 10 13 15 | 15.0
Throwing       | 1 2 8 9 11 15 16 17 | 17.5
Invocations    | 5 7 |  7.0
Maces & Flails | 1 |  1.0
Evocations     | 5 6 10 11 | 11.6
Armour         | 1 5 |  5.0
Summonings     | 3 |  3.2
Translocations | 5 6 8 |  8.0
Spellcasting   | 3 |  3.0
Earth Magic    | 4 11 15 | 15.2
Transmutations | 3 7 8 |  8.7
Stealth        | |  1.0
Conjurations   | |  0.6
Ice Magic      | |  2.1

Action                   |  1- 3 |  4- 6 |  7- 9 | 10-12 | 13-15 | 16-18 | 19-21 | 22-24 | 25-27 || total
-------------------------+-------+-------+-------+-------+-------+-------+-------+-------+-------++-------
Melee: Unarmed           |    91 |   174 |   440 |   725 |  1294 |  1724 |  1649 |  1632 |   745 ||  8474
       Punch             |       |     1 |     6 |       |       |       |       |       |       ||     7
       Morningstar       |       |       |       |       |    13 |       |       |       |       ||    13
Throw: Stone             |    14 |       |       |       |       |       |       |       |       ||    14
       Boomerang         |       |     5 |    26 |     4 |     1 |       |       |       |       ||    36
       Dart              |       |     4 |    14 |    17 |     4 |     1 |    11 |     4 |       ||    55
       Large rock        |       |       |       |    11 |    53 |    37 |    46 |    90 |    61 ||   298
       Javelin           |       |       |       |     7 |   138 |   185 |   120 |   133 |    18 ||   601
       Throwing net      |       |       |       |     1 |       |       |       |       |       ||     1
 Cast: Freeze            |     1 |       |       |       |       |       |       |       |       ||     1
       Apportation       |       |       |       |       |       |       |     3 |    18 |    37 ||    58
       Blink             |       |       |       |       |       |       |       |    13 |    28 ||    41
       Summon Butterflie |       |       |       |       |       |       |       |     4 |     2 ||     6
       Passage of Golubr |       |       |       |       |       |       |       |     2 |     1 ||     3
       Statue Form       |       |       |       |       |       |       |       |       |     7 ||     7
       Portal Projectile |       |       |       |       |       |       |       |       |     2 ||     2
Invok: Heroism           |       |       |       |     6 |    15 |    17 |    17 |    19 |    15 ||    89
       Finesse           |       |       |       |       |     2 |     8 |     4 |     5 |     3 ||    22
 Abil: Evoke Invisibilit |       |       |       |       |     2 |     3 |       |     1 |       ||     6
       Evoke Flight      |       |       |       |       |     5 |    20 |       |       |     1 ||    26
       Stop Flying       |       |       |       |       |     3 |       |       |       |       ||     3
       End Transformatio |       |       |       |       |       |       |       |       |     3 ||     3
Evoke: Wand              |       |       |     4 |     4 |    16 |     6 |     5 |    10 |     2 ||    47
       Fan of gales      |       |       |       |       |     1 |     1 |       |       |       ||     2
       Box of beasts     |       |       |       |       |       |     1 |       |     2 |       ||     3
       Lamp of fire      |       |       |       |       |       |       |     3 |     1 |       ||     4
       Lightning rod     |       |       |       |       |       |       |     4 |       |       ||     4
       Phial of floods   |       |       |       |       |       |       |       |     1 |       ||     1
  Use: Scroll            |       |     5 |    10 |    11 |    13 |    15 |    14 |    16 |     6 ||    90
       Potion            |       |     2 |     1 |     3 |       |     2 |     1 |     8 |     3 ||    20
 Stab: Sleeping          |     1 |     3 |     5 |     1 |       |       |       |       |       ||    10
       Held in net/web   |       |       |       |     3 |       |       |       |       |       ||     3
       Invisible         |       |       |       |       |     3 |     9 |       |     2 |       ||    14
       Paralysed         |       |       |       |       |     1 |       |       |       |       ||     1
       Distracted        |       |       |       |       |       |       |     2 |       |       ||     2
  Eat: Chunk             |    16 |    20 |    43 |    63 |   112 |    89 |   100 |    73 |    37 ||   553
       Ration            |       |       |       |       |       |     3 |       |     6 |     4 ||    13
Armor: Robe              |    39 |    80 |   189 |    36 |       |       |       |       |       ||   344
       Skin              |       |       |     3 |       |       |       |       |       |    30 ||    33
       Troll leather arm |       |       |       |    76 |   190 |   130 |   110 |       |       ||   506
       Acid dragon scale |       |       |       |       |       |       |    24 |   206 |   130 ||   360
Dodge: Dodged            |    55 |    82 |   233 |    91 |   271 |   322 |   176 |   233 |   164 ||  1627
Block: Large shield      |       |       |       |   799 |  1551 |  1960 |  1607 |  1486 |   876 ||  8279
       Reflection        |       |       |       |       |       |       |   203 |    98 |    28 ||   329

Table legend:
 A = Non-vault XP
 B = Vault XP
 C = Vault XP percentage of total XP
 D = Non-vault monster count
 E = Vault monster count
 F = Vault count percentage of total count
                 A         B        C        D         E       F
            +---------+---------+-------+---------+---------+-------
      Total |  810949 |  550945 |  40.5 |    1531 |     836 |  35.3
            +---------+---------+-------+---------+---------+-------
        D:1 |      37 |      45 |  54.9 |      20 |       5 |  20.0
        D:2 |      60 |     339 |  85.0 |      13 |      18 |  58.1
        D:3 |     254 |       0 |   0.0 |      24 |       0 |   0.0
        D:4 |     502 |     212 |  29.7 |      24 |      22 |  47.8
        D:5 |     668 |     172 |  20.5 |      17 |       1 |   5.6
        D:6 |     941 |     293 |  23.7 |      23 |       4 |  14.8
        D:7 |     984 |       0 |   0.0 |      20 |       0 |   0.0
        D:8 |    1067 |     161 |  13.1 |      15 |       8 |  34.8
        D:9 |     304 |     396 |  56.6 |      12 |       2 |  14.3
       D:10 |    6930 |       0 |   0.0 |      32 |       0 |   0.0
       D:11 |    2501 |    2071 |  45.3 |      22 |       6 |  21.4
       D:12 |    2238 |    1808 |  44.7 |      22 |      19 |  46.3
       D:13 |    6625 |   12108 |  64.6 |      20 |      29 |  59.2
       D:14 |    7854 |       0 |   0.0 |      27 |       0 |   0.0
       D:15 |   10567 |    3086 |  22.6 |      25 |       8 |  24.2
     Lair:1 |    1925 |    1705 |  47.0 |      13 |       7 |  35.0
     Lair:2 |    3497 |     840 |  19.4 |      12 |      14 |  53.8
     Lair:3 |    3873 |    1041 |  21.2 |      19 |       3 |  13.6
     Lair:4 |    5526 |    1024 |  15.6 |      25 |       8 |  24.2
     Lair:5 |   20396 |    4698 |  18.7 |      44 |      20 |  31.2
     Lair:6 |    5970 |   10225 |  63.1 |      21 |      32 |  60.4
   Shoals:1 |   12441 |       0 |   0.0 |      27 |       0 |   0.0
   Shoals:2 |   14164 |    1061 |   7.0 |      29 |       1 |   3.3
   Shoals:3 |   22252 |    4924 |  18.1 |      40 |       7 |  14.9
   Shoals:4 |   19334 |   18887 |  49.4 |      39 |      29 |  42.6
    Snake:1 |    8703 |       0 |   0.0 |      22 |       0 |   0.0
    Snake:2 |   24274 |    4936 |  16.9 |      46 |      13 |  22.0
    Snake:3 |   13334 |    1429 |   9.7 |      22 |       4 |  15.4
    Snake:4 |   28095 |   50079 |  64.1 |      59 |      77 |  56.6
    Slime:1 |   18823 |       0 |   0.0 |      28 |       0 |   0.0
    Slime:2 |   10838 |       0 |   0.0 |      16 |       0 |   0.0
    Slime:3 |    1796 |       0 |   0.0 |       6 |       0 |   0.0
    Slime:4 |   10664 |    2563 |  19.4 |      16 |       2 |  11.1
    Slime:5 |    6110 |   25212 |  80.5 |       9 |      10 |  52.6
      Orc:1 |    4367 |    1983 |  31.2 |      37 |       7 |  15.9
      Orc:2 |    3833 |    8481 |  68.9 |      31 |      41 |  56.9
      Elf:1 |   30364 |   12343 |  28.9 |      47 |      16 |  25.4
      Elf:2 |   12485 |    3625 |  22.5 |      18 |       4 |  18.2
      Elf:3 |   16272 |   42925 |  72.5 |      24 |      29 |  54.7
   Vaults:1 |   29180 |   14879 |  33.8 |      55 |      42 |  43.3
   Vaults:2 |   46965 |   25266 |  35.0 |      88 |      38 |  30.2
   Vaults:3 |   51775 |   35750 |  40.8 |      82 |      38 |  31.7
   Vaults:4 |   21400 |   17246 |  44.6 |      25 |      33 |  56.9
   Vaults:5 |   50041 |  130204 |  72.2 |      56 |     102 |  64.6
   Depths:1 |   29256 |    3559 |  10.8 |      42 |       4 |   8.7
   Depths:2 |   43588 |   20344 |  31.8 |      48 |      21 |  30.4
   Depths:3 |   45415 |    8581 |  15.9 |      56 |      15 |  21.1
   Depths:4 |   36759 |   28765 |  43.9 |      37 |      13 |  26.0
   Depths:5 |   54677 |   31618 |  36.6 |      41 |      31 |  43.1
      Zot:1 |   52602 |       0 |   0.0 |      34 |       0 |   0.0
      Zot:2 |    8423 |       0 |   0.0 |       1 |       0 |   0.0
      IceCv |       0 |   11579 | 100.0 |       0 |      41 | 100.0
   Gauntlet |       0 |    4482 | 100.0 |       0 |      12 | 100.0
            +---------+---------+-------+---------+---------+-------
